 Dungeon Crawl Stone Soup version 0.27-a0-346-ga689d4a613 (webtiles) character file.

Game seed: 11428462750792725232

19916 rednaxela the Destroyer (level 12, -3/81 HPs)
             Began as a Pale Draconian Conjurer on Feb 15, 2021.
             Was an Elder of Sif Muna.
             Slain by a freezing wraith (8 damage)
             ... led by a death knight
             ... on level 11 of the Dungeon.
             The game lasted 01:10:33 (20319 turns).

rednaxela the Destroyer (Pale Draconian Conjurer)  Turns: 20319, Time: 01:10:34

Health: -3/81      AC: 15    Str:  9    XL:     12   Next: 40%
Magic:  26/26      EV: 12    Int: 24    God:    Sif Muna [****..]
Gold:   493        SH:  0    Dex: 10    Spells: 16/32 levels left

rFire    . . .     SeeInvis .   a - +5 quarterstaff (speed)
rCold    . . .     Faith    .   (shield currently unavailable)
rNeg     . . .     Spirit   .   (armour unavailable)
rPois    .         Reflect  .   (helmet restricted)
rElec    .         Harm     .   k - +0 cloak
rCorr    .         Rampage  .   (no gloves)
Will     .....                  q - +1 pair of boots
Stlth    ++........             R - amulet of regeneration
HPRegen  1.23/turn              P - +4 ring of protection {=R}
MPRegen  0.20/turn              (no ring)

@: slowed, very slow
A: breathe steam, unfitting armour, cold-blooded, AC +8
a: Breathe Steam, Renounce Religion, Channel Magic, Forget Spell, Divine
Exegesis


You were on level 11 of the Dungeon.
You worshipped Sif Muna.
Sif Muna was greatly pleased with you.
You visited 2 branches of the dungeon, and saw 14 of its levels.
You also visited: Sewer.

You collected 946 gold pieces.
You spent 453 gold pieces at shops.

Inventory:

Hand Weapons
 a - a +5 quarterstaff of speed (weapon)
 b - the +8 trident of Joon {flame, rC++ Str+5}
   (You took it off an orc on level 6 of the Dungeon)

   It has been specially enchanted to burn those struck by it, causing extra
   injury to most foes and up to half again as much damage against particularly
   susceptible opponents.
   It affects your strength (+5).
   It greatly protects you from cold.
Missiles
 D - 2 curare-tipped darts (quivered)
Armour
 k - a +0 cloak (worn)
 q - a +1 pair of boots (worn)
 u - a +0 kite shield
Jewellery
 c - a ring of ice
 f - a ring of fire
 i - a ring of see invisible
 s - an amulet of the acrobat
 w - a ring of willpower
 E - a +4 ring of evasion
 M - a ring of magical power
 P - a +4 ring of protection (left hand) {=R}
 R - an amulet of regeneration (around neck)
Wands
 m - a wand of flame (16)
 v - a wand of random effects (27)
Scrolls
 d - a scroll of brand weapon
 g - 5 scrolls of amnesia
 n - 8 scrolls of teleportation
 r - a scroll of fear
 t - a scroll of identify
 x - 3 scrolls of fog
 y - 2 scrolls of enchant armour
 A - a scroll of magic mapping
 C - a scroll of immolation
Potions
 e - 8 potions of flight
 h - a potion of brilliance {unknown}
 j - 3 potions of lignification
 l - a potion of haste
 o - a potion of mutation {unknown}
 p - 8 potions of ambrosia {unknown}
 z - 3 potions of heal wounds
 B - 7 potions of curing


   Skills:
 - Level 1.7 Dodging
 - Level 1.7 Stealth
 - Level 10.8 Spellcasting
 - Level 12.1 Conjurations
 + Level 11.6 Air Magic
 + Level 7.3 Invocations


You had 16 spell levels left.
You knew the following spells:

 Your Spells              Type           Power        Failure   Level
a - Magic Dart            Conj           100%         1%          1
b - Searing Ray           Conj           100%         1%          2
c - Airstrike             Air            31%          1%          4
d - Lightning Bolt        Conj/Air       31%          1%          5
s - Swiftness             Air            62%          1%          2
W - Passwall              Tmut/Erth      10%          8%          2

Your spell library contained the following spells:

 Spells                   Type           Power        Failure   Level
 Shock                    Conj/Air       100%         1%          1
 Dazzling Flash           Conj/Hex       84%          1%          3
 Static Discharge         Conj/Air       63%          1%          3
 Stone Arrow              Conj/Erth      84%          1%          3
 Animate Skeleton         Necr           26%          4%          1
 Pain                     Necr           52%          4%          1
 Sandblast                Erth           26%          4%          1
 Fulminant Prism          Conj/Hex       21%          4%          4
 Iskenderun's Mystic Bla  Conj/Tloc      42%          4%          4
 Vampiric Draining        Necr           6%           14%         3
 Bolt of Magma            Conj/Fire/Erth 16%          26%         5
 Animate Dead             Necr           6%           43%         4
 Leda's Liquefaction      Hex/Erth       6%           43%         4
 Petrify                  Tmut/Erth      13%          43%         4
 Iron Shot                Conj/Erth      21%          52%         6
 Agony                    Necr           13%          80%         5
 Lee's Rapid Deconstruct  Erth           6%           80%         5
 Statue Form              Tmut/Erth      8%           100%        6
 Shatter                  Erth           6%           100%        9
 Animate Armour           Summ/Erth      Unusable     N/A         4

Dungeon Overview and Level Annotations

Branches:
Dungeon (13/15)            Temple (1/1) D:7            Lair (0/6) D:11
    Orc (0/2) D:11          Sewer (visited)
 Vaults: D:13-14

Altars:
Cheibriados
Gozag
Hepliaklqana
Qazlal
Sif Muna
Trog
Uskayaw
Vehumet
Wu Jian
Xom
The Shining One

Shops:
D:9 =   D:10 (

Annotations:
D:6 exclusion: 2 downstairs


Innate Abilities, Weirdness & Mutations

You can breathe blasts of scalding, opaque steam.
Your pale cyan-grey scales are hard. (AC +8)
You cannot fit into any form of body armour.
You are cold-blooded and may be slowed by cold attacks.


Message History

The death knight offers itself to Yredelemnul, and fills with unholy energy.
There is an open door here.
There is a stone staircase leading up here.
The death knight's dark mirror aura disappears.
You climb upwards.
There is a stone staircase leading down here.
You start resting.
Magic restored.
You climb downwards.
The freezing wraith hits you but does no damage. x2
The freezing wraith completely misses you.
The freezing wraith hits you.
The freezing wraith closely misses you. x2
There is a stone staircase leading up, spattered with blood here.
The freezing wraith barely misses you.
The freezing wraith hits you but does no damage.
The freezing wraith closely misses you. The freezing wraith barely misses you.
You climb upwards.
There is a stone staircase leading down here.
The freezing wraith barely misses you. The freezing wraith hits you.
The freezing wraith drains your vigour!
You feel yourself slow down. The freezing wraith hits you.
The freezing wraith freezes you!! The freezing wraith barely misses you.
The freezing wraith hits you. The freezing wraith freezes you!!
* * * LOW HITPOINT WARNING * * *
The freezing wraith hits you but does no damage.
The freezing wraith hits you!
* * * LOW HITPOINT WARNING * * *
The freezing wraith freezes you!
* * * LOW HITPOINT WARNING * * *
The freezing wraith hits you.
* * * LOW HITPOINT WARNING * * *
The freezing wraith drains your vigour!
You feel as though you will be slow longer.
Okay, then.
You remove your ring of magical power.
You feel your magic capacity decrease. The freezing wraith hits you!
* * * LOW HITPOINT WARNING * * *
The freezing wraith freezes you!
You feel as though you will be slow longer.
You die...

#...#####..###..# ##..######
#.........###..## #.......#
#..##.....###..# ##.#######
##.)####...#...# #..# #..##
##......# ##.##
##..###......#####..##
##...##.......###....>##
...............#.W.....##
................@W###...###
.................## ##....##
...............### ##....##
...............## ##....#
.##>)........#..## ##..##
#.#........####[.#######.###
.#..........####..##....##
.#............###.......#
#......................##


You could see 2 freezing wraiths.

Vanquished Creatures
  4 two-headed ogres
  4 skeletal warriors
  A cyclops (D:11)
  4 ugly things
  Joseph (D:7)
  A gargoyle (D:11)
  Maggie (D:6)
  A queen bee (D:10)
  Prince Ribbit (D:5)
  6 slime creatures (D:12)
  A shadow (D:11)
  5 yaks (D:11)
  A steam dragon (D:13)
  Edmund (D:5)
  A soldier ant (D:12)
  Menkaure (D:4)
  An acid dragon (D:12)
  A water moccasin (Sewer)
  5 black bears
  8 ice beasts
  6 orc warriors
  2 sky beasts (D:10)
  2 necrophages
  5 centaurs
  3 ogres
  6 phantoms
  3 kobold brigands
  6 bullfrogs
  A wyvern skeleton (D:6)
  11 scorpions
  A troll zombie (D:11)
  36 killer bees
  16 wights
  7 howler monkeys
  5 electric eels (D:7)
  3 jellies
  2 quasits
  A bullfrog zombie (D:10)
  11 orc priests
  3 bullfrog skeletons
  7 hounds
  An iron imp (D:7)
  Jessica (D:2)
  A centaur skeleton (D:5)
  Terence (D:2)
  2 iguanas
  14 orc wizards
  8 worker ants
  5 ogre zombies (D:11)
  A howler monkey zombie (D:8)
  2 worker ant zombies
  4 gnolls
  3 howler monkey skeletons
  16 adders
  6 white imps
  An ufetubus (D:8)
  An adder zombie (D:7)
  An adder skeleton (D:7)
  6 worms
  9 dart slugs (D:7)
  9 leopard geckos
  63 orcs
  2 ball pythons
  5 bats
  10 giant cockroaches
  9 goblins
  8 hobgoblins
  9 jackals
  3 quokkas
  9 frilled lizards
  A goblin skeleton (D:11)
  A goblin zombie (D:11)
  A hobgoblin skeleton (D:11)
  A hobgoblin zombie (D:11)
  28 kobolds
  A leopard gecko skeleton (D:9)
  4 orc skeletons (D:11)
  11 orc zombies (D:11)
  A quokka zombie (D:6)
  15 rats
460 creatures vanquished.

Vanquished Creatures (others)
  An orc (D:7)
  17 fungi (D:11)
  19 plants (D:11)
37 creatures vanquished.

Grand Total: 497 creatures vanquished

Notes
Turn   | Place    | Note
-------+----------+-------------------------------------------
     0 | D:1      | rednaxela the Draconian Conjurer began the quest for the
                  | Orb.
     0 | D:1      | Reached XP level 1. HP: 14/14 MP: 3/3
    56 | D:2      | Noticed Jessica
   327 | D:1      | Reached XP level 2. HP: 20/20 MP: 5/5
   409 | D:1      | Learned a level 2 spell: Searing Ray
   787 | D:2      | Killed Jessica
   788 | D:2      | Reached XP level 3. HP: 26/26 MP: 3/7
   837 | D:2      | Noticed Terence
   860 | D:2      | Killed Terence
   861 | D:2      | Reached XP level 4. HP: 24/33 MP: 0/8
  1040 | D:2      | Reached skill level 5 in Conjurations
  1269 | D:2      | Found a faded altar of an unknown god.
  1839 | D:3      | Reached XP level 5. HP: 38/38 MP: 5/10
  2795 | D:3      | Noticed a phantom
  2809 | D:3      | Killed a phantom
  2810 | D:3      | Reached XP level 6. HP: 45/45 MP: 4/12
  3013 | D:4      | Reached skill level 6 in Conjurations
  3142 | D:4      | Noticed Menkaure
  3385 | D:5      | Entered Level 5 of the Dungeon
  3586 | D:4      | You fall into a shaft and drop 1 floor!
  3645 | D:6      | Reached skill level 5 in Spellcasting
  3667 | D:6      | Your scales start taking on a pale cyan-grey colour.
  3667 | D:6      | Reached XP level 7. HP: 38/50 MP: 8/14
  3781 | D:6      | Noticed Maggie
  3800 | D:5      | Noticed Prince Ribbit
  3853 | D:6      | Found a glowing drain.
  3858 | D:6      | HP: 2/50 [orc priest/divine providence (9)]
  3865 | D:6      | HP: 2/50 [black bear (5)]
  3866 | Sewer    | Entered a sewer
  4216 | Sewer    | Reached skill level 7 in Conjurations
  4466 | D:6      | Killed Maggie
  4467 | D:6      | Reached skill level 8 in Conjurations
  4467 | D:6      | Reached XP level 8. HP: 47/57 MP: 3/17
  5057 | D:5      | Killed Prince Ribbit
  5357 | D:5      | Noticed Edmund
  5371 | D:5      | Killed Edmund
  5372 | D:5      | Reached skill level 9 in Conjurations
  5465 | D:5      | Got a twisted falchion
  5490 | D:5      | Identified the +5 falchion of Quick Death {vorpal, +Fly
                  | rPois rC-} (You found it on level 5 of the Dungeon)
  5819 | D:5      | Reached XP level 9. HP: 53/62 MP: 15/20
  5828 | D:5      | Found an ornate altar of the Wu Jian Council.
  6093 | D:4      | Killed Menkaure
  6703 | D:6      | Found a stormy altar of Qazlal.
  7045 | D:6      | Identified the +8 trident of Joon {flame, rC++ Str+5}
  7126 | D:6      | Reached skill level 10 in Conjurations
  7377 | D:6      | Found a glowing golden altar of the Shining One.
  7523 | D:6      | Noticed a moth of wrath
  7532 | D:6      | Found a bloodstained altar of Trog.
  8166 | D:7      | Found a staircase to the Ecumenical Temple.
  8338 | Temple   | Entered the Ecumenical Temple
  8351 | Temple   | Became a worshipper of Sif Muna the Loreminder
  8942 | D:7      | Found a hazy altar of Hepliaklqana.
  8951 | D:7      | Noticed Joseph
  8958 | D:7      | Killed Joseph
  9049 | D:7      | Reached XP level 10. HP: 49/69 MP: 23/23
  9251 | D:7      | Reached skill level 11 in Conjurations
  9559 | D:7      | Found a snail-covered altar of Cheibriados.
  9646 | D:7      | Noticed a two-headed ogre
  9651 | D:7      | Killed a two-headed ogre
  9652 | D:7      | Reached skill level 10 in Spellcasting
 10279 | D:8      | Reached * piety under Sif Muna
 10671 | D:8      | Found a shimmering altar of Xom.
 11080 | D:8      | Found an opulent altar of Gozag.
 11672 | D:9      | Learned a level 2 spell: Swiftness
 11678 | D:9      | Learned a level 5 spell: Lightning Bolt
 11683 | D:9      | Learned a level 4 spell: Airstrike
 11684 | D:9      | Upgraded the game from 0.27-a0-343-gfcad680f63 to
                  | 0.27-a0-346-ga689d4a613
 11891 | D:9      | Found Saggyhui's Jewellery Emporium.
 12018 | D:9      | You fall into a shaft and drop 3 floors!
 12121 | D:12     | Reached skill level 12 in Conjurations
 12219 | D:12     | Reached ** piety under Sif Muna
 12266 | D:12     | Reached skill level 1 in Air Magic
 12299 | D:11     | Noticed a gargoyle
 12309 | D:11     | Killed a gargoyle
 12409 | D:11     | Noticed a purple ugly thing
 12420 | D:11     | Killed a purple ugly thing
 12533 | D:11     | Noticed a skeletal warrior
 12545 | D:11     | Killed a skeletal warrior
 12546 | D:11     | Reached XP level 11. HP: 74/74 MP: 18/25
 12548 | D:11     | Noticed a skeletal warrior
 12549 | D:11     | Noticed a skeletal warrior
 12551 | D:11     | Noticed a skeletal warrior
 12569 | D:12     | Killed a skeletal warrior
 12570 | D:12     | Reached skill level 5 in Air Magic
 12866 | D:10     | Entered Level 10 of the Dungeon
 13046 | D:10     | Noticed a two-headed ogre
 13055 | D:10     | Killed a two-headed ogre
 13176 | D:10     | Noticed a two-headed ogre
 13522 | D:10     | Found Juicauq's Weapon Emporium.
 13650 | D:10     | Reached *** piety under Sif Muna
 13778 | D:10     | Bought a +2 quarterstaff of speed for 288 gold pieces
 13826 | D:10     | Killed a two-headed ogre
 13946 | D:9      | Bought a ring of see invisible for 165 gold pieces
 14719 | D:10     | Reached skill level 1 in Invocations
 14844 | D:10     | Reached **** piety under Sif Muna
 15746 | D:11     | Noticed a green ugly thing
 15807 | D:11     | Reached skill level 10 in Air Magic
 15856 | D:11     | Learned a level 2 spell: Passwall
 16392 | D:11     | Found a staircase to the Orcish Mines.
 16449 | D:11     | Reached ***** piety under Sif Muna
 16531 | D:11     | Received a gift from Sif Muna
 16789 | D:11     | Noticed a cyan ugly thing
 16809 | D:11     | Killed a green ugly thing
 17275 | D:11     | Reached XP level 12. HP: 81/81 MP: 6/26
 17538 | D:11     | Reached skill level 5 in Invocations
 17623 | D:11     | Found a staircase to the Lair.
 19603 | D:12     | Noticed a two-headed ogre
 19608 | D:12     | Killed a two-headed ogre
 20013 | D:12     | You fall into a shaft and drop 1 floor!
 20184 | D:12     | Noticed a death knight
 20319 | D:11     | Slain by a freezing wraith

Illustrated notes

Levels and vault maps discovered:
D:1:      lightli_arrival_quake, layout_basic
D:2:      layout_basic, chequers_ecumenical_altar_island, minmay_lizard_pond,
          uniq_jessica, uniq_terence
D:3:      layout_basic
D:4:      layout_basic, uniq_menkaure
D:5:      layout_basic, lemuel_crystal_altar, uniq_edmund, uniq_prince_ribbit1
D:6:      layout_basic, tso_oasis_becter, grunt_qazlal_clouds,
          portal_sewer_entry_d, tgw_trog, uniq_maggie
D:7:      kennysheep_slugbush, layout_layer_cave, general_overflow_altar,
          slow_altar_1, minmay_temple_entry_butterflies, uniq_joseph
D:8:      cheibrodos_quashed, layout_layer_cave, kennysheep_mini, basic_altar
D:9:      layout_basic, serial_shops, shop
D:10:     layout_basic, special_room [special_room_bee], serial_shops, shop,
          minmay_quadrilaterals
D:11:     layout_layer_cave, grunt_lair_entry_orc_guard_hut, zombieorc1_lemuel,
          chequers_serial_rivers_marsh
D:12:     layout_stronghold
D:13:     mludivico_vault, layout_basic
Temple:   eino_temple_scatter_basement

Skill      XL: |  1  2  3  4  5  6  7  8  9 10 11 12 |
---------------+-------------------------------------+-----
Spellcasting   | 3 4 5 6 7 9 10 | 10.8
Conjurations   | 5 6 8 9 10 12 | 12.1
Air Magic      | 4 10 11 | 11.6
Invocations    | 4 7 |  7.3
Dodging        | |  1.7
Stealth        | |  1.7

Action                   |  1- 3 |  4- 6 |  7- 9 | 10-12 || total
-------------------------+-------+-------+-------+-------++-------
Melee: Spear             |    44 |       |       |       ||    44
       Hand axe          |    11 |       |       |       ||    11
       Tailslap          |     5 |     4 |     8 |    18 ||    35
       Dagger            |     1 |    25 |    34 |       ||    60
       Trident           |       |       |    60 |    80 ||   140
       Quarterstaff      |       |       |       |   157 ||   157
Throw: Dart              |       |       |     1 |       ||     1
 Cast: Magic Dart        |     9 |    54 |    51 |     7 ||   121
       Searing Ray       |     6 |    26 |    68 |    74 ||   174
       Airstrike         |       |       |       |   171 ||   171
       Lightning Bolt    |       |       |       |    19 ||    19
       Swiftness         |       |       |       |     2 ||     2
 Abil: Breathe Steam     |       |       |     3 |    14 ||    17
  Use: Scroll            |       |     4 |    10 |     9 ||    23
       Potion            |       |       |     1 |       ||     1
 Stab: Sleeping          |     2 |     1 |     1 |     1 ||     5
       Distracted        |       |       |     1 |       ||     1
Armor: Skin              |    11 |    11 |    58 |   142 ||   222
Dodge: Dodged            |    32 |    35 |   117 |   206 ||   390

Table legend: (Time is in decaauts)
 A = Elapsed time spent in this place.
 B = Non-inter-level travel time spent in this place.
 C = Inter-level travel time spent in this place.
 D = Time resting spent in this place.
 E = Time spent auto-exploring this place.
 F = Levels seen in this place.
 G = Mean time per level.
                   A        B        C        D        E       F      G
               +--------+--------+--------+--------+--------+-----+--------+
         Total |  20403 |  19795 |    608 |   5219 |  10232 |  15 | 1360.2 |
       Dungeon |  19598 |  18990 |    608 |   4623 |  10182 |  13 | 1507.5 |
        Temple |    330 |    330 |      0 |    302 |      9 |   1 |  330.0 |
         Sewer |    474 |    474 |      0 |    294 |     41 |   1 |  474.0 |
               +--------+--------+--------+--------+--------+-----+--------+

Top non-repeatable levels by time:
    D:11: 3029 daAuts
    D:10: 2359 daAuts
    D:12: 2110 daAuts
     D:7: 1863 daAuts
     D:6: 1753 daAuts
     D:8: 1637 daAuts
     D:5: 1567 daAuts
     D:3: 1539 daAuts
     D:9: 1036 daAuts
     D:2: 926 daAuts
     D:1: 921 daAuts
     D:4: 808 daAuts
   Sewer: 474 daAuts
  Temple: 330 daAuts
    D:13: 46 daAuts
